 Dungeon Crawl Stone Soup version 0.18.1-5-g4a78601 (webtiles) character file.

2027 mopl the Covert (level 9, 7/51 HPs)
             Began as a High Elf Enchanter on May 11, 2016.
             Quit the game on level 6 of the Dungeon.
             The game lasted 00:12:17 (4791 turns).

mopl the Covert (High Elf Enchanter)                Turns: 4791, Time: 00:12:18

Health: 7/51       AC:  5    Str:  7    XL:     9   Next: 3%
Magic:  17/17      EV: 12    Int: 20    God:
Gold:   222        SH:  6    Dex: 19    Spells: 5 memorised, 6 levels left

rFire  + . .     SeeInvis .     a - +1 dagger (venom)
rCold  . . .     Gourm    .     l - +2 robe {rF+}
rNeg   . . .     Faith    .     G - +2 buckler
rPois  .         Spirit   .     (no helmet)
rElec  .         Dismiss  .     i - +0 cloak
rCorr  .         Reflect  .     (no gloves)
SustAt .         Harm     .     (no boots)
MR     .....                    (no amulet)
Stlth  ++++......               (no ring)
                                (no ring)

@: not resistant to hostile enchantments, stealthy
A: no striking features
a: no special abilities


You were on level 6 of the Dungeon.
You were hungry.

You visited 1 branch of the dungeon, and saw 6 of its levels.

You collected 222 gold pieces.

Inventory:

Hand Weapons
 a - a +1 dagger of venom (weapon)
 x - a +0 dagger of distortion {!w}
 F - a +0 blowgun
Missiles
 h - 14 poisoned needles
 E - 5 needles of confusion
Armour
 i - a +0 cloak (worn)
 l - a +2 robe of fire resistance (worn)
 G - a +2 buckler (worn)
Jewellery
 q - an uncursed ring of fire
Wands
 j - a wand of polymorph (12/24)
 y - a wand of flame (17/48)
 B - a wand of digging (11/24)
Scrolls
 b - a scroll of blinking {unknown}
 e - a scroll of noise {unknown}
 k - 2 scrolls of immolation {unknown}
 m - 7 scrolls of identify {unknown}
 n - a scroll of random uselessness {unknown}
 o - a scroll of remove curse {unknown}
 v - a scroll of fog {unknown}
 w - 4 scrolls of teleportation {unknown}
 A - 4 scrolls of recharging {unknown}
 C - 3 scrolls of amnesia {unknown}
Potions
 g - a potion of flight {unknown}
 r - 2 potions of curing
 t - a potion of agility
 u - a potion of degeneration {unknown}
 z - a potion of might {unknown}
Books
 c - a book of Maledictions

   Spells                             Type                      Level
   a - Corona                         Hexes                        1
   b - Ensorcelled Hibernation        Hexes/Ice                    2
   c - Confuse                        Hexes                        3
   d - Tukima's Dance                 Hexes                        3
   e - Dazzling Spray                 Conjuration/Hexes            3
Comestibles
 d - 5 bread rations
 f - 2 meat rations
 p - a royal jelly
 s - a beef jerky


   Skills:
 + Level 4.9 Short Blades
 - Level 2.1 Dodging
 * Level 8.0 Stealth
 + Level 1.1 Shields
 - Level 5.0 Spellcasting
 + Level 3.5 Conjurations
 * Level 6.6 Hexes
 + Level 3.9 Ice Magic


You had 6 spell levels left.
You knew the following spells:

 Your Spells              Type           Power        Failure   Level  Hunger
a - Corona                Hex            ####...      1%          1    None
b - Ensorcelled Hibernat  Hex/Ice        ####..       2%          2    None
c - Confuse               Hex            ####....     3%          3    ##.....
d - Tukima's Dance        Hex            ####....     3%          3    ##.....
g - Dazzling Spray        Conj/Hex       ####....     10%         3    ##.....


Dungeon Overview and Level Annotations

Branches:
Dungeon (6/15)
 Temple: D:4-7

Altars:
Ashenzari
Cheibriados
Elyvilon
Fedhas
Gozag
Pakellas
Vehumet

Shops:
D:5 *   D:6 (

Annotations:
D:4 exclusion: 4 doors, Rationalist's ghost, amateur DsBe


Message History

The human barely misses you.
You hit the human but do no damage.
The human looks even sicker.
The human is severely wounded.
You see here a worker ant corpse.
Things that are here:
a club; a scroll labeled SIUT LUKLEET You kill the human!
Your Stealth skill increases to level 8!
You have reached level 9!
Your experience leads to an increase in your attributes!
Increase (S)trength, (I)ntelligence, or (D)exterity?
You feel agile. x2
Things that are here:
an enchanted flail; a scale mail; a human corpse
w - 4 scrolls labeled SIUT LUKLEET (gained 1)
You see here a club.
You see here a worker ant corpse.
You start resting.
A jelly comes into view.
Are you sure you want to abandon this character and quit the game? (Confirm with "yes".)

.# #.....##........#..#...
................J......... # #.
....................#.# #.<.
.....................#
#.#.###'###............#.###
#...#.....#............#.###
#..#.†...#................#
##..'.._..+................#
.......#÷.†./#@.........#..[..#
.......#.....#................#
.....#.###)###.###.#.###.......
.....#..........##... ###.....
.... ##.........####.# #.....
### #.........# #.....
#.......†.# ######
#..>....).##### #..
#.......).....#########..


You could see a jelly (wandering).

Vanquished Creatures
  Sigmund (D:2)
  2 humans (D:6)
  Menkaure (D:5)
  Edmund (D:5)
  Duvessa (D:5)
  Purgy (D:3)
  A black bear (D:5)
  A sky beast (D:6)
  2 centaurs (D:5)
  An ogre (D:4)
  Dowan (D:5)
  A water moccasin zombie (D:6)
  A howler monkey (D:6)
  A crimson imp (D:5)
  A giant frog skeleton (D:5)
  2 hounds
  3 jellies
  2 orc priests
  Jessica (D:2)
  An orc wizard (D:5)
  2 worker ants
  A worker ant zombie (D:5)
  6 gnolls (D:4)
  5 adders
  A shadow imp (D:6)
  An ooze (D:2)
  3 dart slugs
  3 giant geckos
  8 orcs
  8 bats
  2 giant cockroaches
  10 goblins
  4 hobgoblins
  25 jackals
  3 quokkas
  A ball python (D:2)
  3 giant newts
  5 kobolds
  8 rats
125 creatures vanquished.

Vanquished Creatures (others)
  A bat (D:2)
1 creature vanquished.

Grand Total: 126 creatures vanquished

Notes
Turn   | Place    | Note
--------------------------------------------------------------
     0 | D:1      | mopl the High Elf Enchanter began the quest for the Orb.
     0 | D:1      | Reached XP level 1. HP: 11/11 MP: 4/4
   111 | D:1      | Found a shattered altar of Ashenzari.
   138 | D:1      | Reached XP level 2. HP: 17/17 MP: 6/6
   176 | D:1      | Learned a level 2 spell: Ensorcelled Hibernation
   351 | D:1      | Reached skill level 3 in Spellcasting
   743 | D:2      | Reached XP level 3. HP: 21/21 MP: 8/8
   748 | D:2      | Learned a level 3 spell: Confuse
   860 | D:2      | Noticed Jessica
   908 | D:2      | Killed Jessica
   965 | D:2      | Found a white marble altar of Elyvilon.
  1193 | D:2      | Noticed Sigmund
  1210 | D:2      | Killed Sigmund
  1210 | D:2      | Reached skill level 2 in Short Blades
  1210 | D:2      | Reached skill level 4 in Stealth
  1210 | D:2      | Reached skill level 4 in Hexes
  1210 | D:2      | Reached skill level 1 in Ice Magic
  1210 | D:2      | Reached XP level 4. HP: 27/27 MP: 4/10
  1210 | D:2      | Reached XP level 5. HP: 31/31 MP: 4/11
  1225 | D:2      | Learned a level 3 spell: Tukima's Dance
  1264 | D:2      | Found a blossoming altar of Fedhas.
  1373 | D:3      | Found a snail-covered altar of Cheibriados.
  1467 | D:3      | Noticed Purgy
  1497 | D:3      | Killed Purgy
  1497 | D:3      | Reached skill level 5 in Stealth
  1497 | D:3      | Reached skill level 2 in Ice Magic
  1497 | D:3      | Reached XP level 6. HP: 34/36 MP: 4/12
  1502 | D:3      | Learned a level 3 spell: Dazzling Spray
  1949 | D:3      | Reached skill level 3 in Short Blades
  2391 | D:4      | Reached skill level 4 in Spellcasting
  2391 | D:4      | Reached XP level 7. HP: 39/41 MP: 12/14
  2577 | D:4      | Reached skill level 5 in Hexes
  2582 | D:4      | Noticed Rationalist's ghost (amateur DsBe)
  2583 | D:4      | Noticed a vampire
  2779 | D:4      | Reached skill level 6 in Stealth
  2839 | D:4      | Reached skill level 1 in Conjurations
  3066 | D:5      | Entered Level 5 of the Dungeon
  3081 | D:5      | Found a radiant altar of Vehumet.
  3112 | D:5      | Noticed Menkaure
  3120 | D:5      | Killed Menkaure
  3241 | D:5      | Noticed Duvessa
  3242 | D:5      | Noticed Dowan
  3288 | D:5      | Killed Dowan
  3424 | D:5      | Killed Duvessa
  3424 | D:5      | Reached skill level 3 in Ice Magic
  3716 | D:5      | Noticed Edmund
  3732 | D:5      | Killed Edmund
  3732 | D:5      | Reached skill level 2 in Conjurations
  3732 | D:5      | Reached XP level 8. HP: 46/46 MP: 12/15
  3777 | D:5      | Reached skill level 4 in Short Blades
  3813 | D:5      | Reached skill level 7 in Stealth
  3835 | D:5      | Found an opulent altar of Gozag.
  3835 | D:5      | Found Gozag's Platinum Reserve.
  3840 | D:5      | Reached skill level 6 in Hexes
  4395 | D:6      | Reached skill level 3 in Conjurations
  4512 | D:6      | Found Yqa Maotza's Weapon Boutique.
  4521 | D:6      | Found an oddly glowing altar of Pakellas.
  4624 | D:6      | Reached skill level 1 in Shields
  4624 | D:6      | Reached skill level 5 in Spellcasting
  4760 | D:6      | HP: 2/46 [human/enchanted flail (7)]
  4770 | D:6      | Reached skill level 8 in Stealth
  4770 | D:6      | Reached XP level 9. HP: 4/51 MP: 17/17
  4791 | D:6      | Quit the game

Skill      XL: |  1  2  3  4  5  6  7  8 |
---------------+-------------------------+-----
Spellcasting   | 3 4 5 |  5.0
Short Blades   | 2 3 4 |  4.9
Stealth        | 4 5 6 8 |  8.0
Hexes          | 4 5 6 |  6.6
Ice Magic      | 1 2 3 |  3.9
Conjurations   | 2 3 |  3.5
Shields        | 1 |  1.1
Dodging        | |  2.1

Action                   |  1- 3 |  4- 6 |  7- 9 || total
-------------------------+-------+-------+-------++-------
Melee: Dagger            |   103 |   162 |   158 ||   423
 Cast: Ensorcelled Hiber |     9 |    20 |    49 ||    78
       Confuse           |     1 |     4 |    17 ||    22
Evoke: Wand              |       |       |     3 ||     3
  Use: Potion            |       |       |     1 ||     1
 Stab: Sleeping          |    11 |    23 |    35 ||    69
       Confused          |     2 |     3 |     6 ||    11
  Eat: Chunk             |     1 |     5 |     9 ||    15
Armor: Robe              |    42 |    60 |    18 ||   120
Dodge: Dodged            |    79 |   136 |    61 ||   276
Block: Buckler           |       |       |    10 ||    10
